 Dungeon Crawl Stone Soup version 0.31.0-9-g3a7656b989 (webtiles) character file.

Game seed: 6253562905633555935

176 qw the Shooter (level 5, -2/41 HPs)
             Began as a Demigod Hunter on Feb 2, 2024.
             Killed by nerve-wracking pain
             ... invoked by an orc priest
              (5 damage)
             ... on level 3 of the Dungeon.
             The game lasted 00:00:07 (1633 turns).

qw the Shooter (Demigod Hunter)                     Turns: 1633, Time: 00:00:08

Health: -2/41      AC:  6    Str: 18    XL:     5   Next: 8%
Magic:  7/7        EV: 11    Int: 11    God:
Gold:   89         SH:  0    Dex: 17    Spells: 4/4 levels left

rFire   . . .        a - +0 shortbow
rCold   . . .        (shield currently unavailable)
rNeg    + . .        d - +0 ring mail
rPois   .            e - +0 helmet
rElec   .            (no cloak)
rCorr   .            (no gloves)
SInv    .            (no boots)
Will    .....        (no amulet)
Stlth   +            b - ring "Ogoaw" {Fly rN+ Str+6 Dex-4 Slay+2}
HPRegen 0.26/turn    (no ring)
MPRegen 0.10/turn

%: no passive effects
@: flying
A: high MP 1, forlorn, divine attributes
a: no special abilities


You were on level 3 of the Dungeon.
You visited 1 branch of the dungeon, and saw 3 of its levels.

You collected 89 gold pieces.


Innate Abilities, Weirdness & Mutations

You have an increased reservoir of magic. (+10% MP)
You shall have no god before yourself.
Your divine heritage dramatically boosts your attributes as you level up.


   Skills:
 - Level 2.0 Fighting
 + Level 5.7 Ranged Weapons
 - Level 1.0 Armour
 - Level 2.1 Dodging
 - Level 0.8 Stealth


You had 4 spell levels left.
You didn't know any spells.
Your spell library was empty.

Inventory:

Hand Weapons
 a - a +0 shortbow (weapon)
Armour
 c - a +0 cloak
 d - a +0 ring mail (worn)
 e - a +0 helmet (worn)
Jewellery
 b - the ring "Ogoaw" (left hand) {Fly rN+ Str+6 Dex-4 Slay+2}
   (You acquired it on level 2 of the Dungeon)

   [ring of strength]

   Str+6:     It affects your strength (+6).
   Dex-4:     It affects your dexterity (-4).
   Slay+2:    It affects your accuracy & damage with ranged weapons and melee
   (+2).
   rN+:       It protects you from negative energy.
   Fly:       It grants you flight.
Potions
 f - a potion of resistance {unknown}
 g - a potion of curing {unknown}
 h - a potion of berserk rage {unknown}
 i - a potion of lignification {unknown}

Dungeon Overview and Level Annotations

Branches:
Dungeon (3/15)


Message History

You shoot an arrow.
The arrow hits the orc priest but does no damage.
The orc priest is severely wounded.
You shoot an arrow.
The arrow hits the orc priest but does no damage.
The orc priest is severely wounded.
The orc priest miscasts a cantrip.
The orc priest hits you but does no damage.
The orc hits you but does no damage.
You shoot an arrow. The arrow barely misses the orc priest.
The orc priest closely misses you. The orc closely misses you.
The orc hits you with a +2 dagger of speed.
The orc priest hits you with a +0 club.
You shoot an arrow. The arrow hits the orc priest.
The orc priest is almost dead.
The orc hits you with a +2 dagger of speed.
The orc priest looks braver for a moment.
The orc priest hits you but does no damage.
The orc completely misses you.
1630 ||| READING scroll of teleportation.
As you read the scroll of teleportation, it crumbles to dust.
You feel strangely unstable. The orc completely misses you.
The orc priest calls down the wrath of Beogh upon you.
Pain shoots through your body!
You shoot an arrow. The arrow hits the orc priest.
You kill the orc priest!
The orc barely misses you.
The orc hits you with a +2 dagger of speed.
You have reached level 5!
You shoot an arrow. The arrow barely misses the orc priest.
Your surroundings seem slightly different.
The orc hits you but does no damage.
The orc priest looks satisfied for a moment.
The orc hits you with a +2 dagger of speed.
You shoot an arrow. The arrow hits the orc.
The orc is moderately wounded.
The orc priest invokes the aid of Beogh against you.
Pain shoots through your body!
You die...

..) #.. ###.#
..#.# #.#.#
#o#.#
##o#.####
#.o¤....#
######..@....#
#............#
#.####.......#
#.......#
#########


You could see an orc priest and 2 orcs.

Vanquished Creatures
  An orc priest (D:3)
  Natasha (D:2)
  4 gnolls (D:2)
  3 adders (D:2)
  2 ribbon worms (D:2)
  A dart slug (D:2)
  4 ball pythons
  4 endoplasms
  A giant cockroach (D:1)
  3 goblins
  2 hobgoblins (D:1)
  5 jackals (D:1)
  4 quokkas
  2 bats
  3 frilled lizards
  6 kobolds
  9 rats
55 creatures vanquished.

Notes
Turn   | Place    | Note
-------+----------+-------------------------------------------
     0 | D:1      | qw the Demigod Hunter began the quest for the Orb.
     0 | D:1      | Reached XP level 1. HP: 17/17 MP: 3/3
     0 | D:1      | 0 ||| qw: Version: 0.3-a-155-g5e7d8dd
     0 | D:1      | 0 ||| qw: Game counter: 209
     0 | D:1      | 0 ||| qw: Melee chars always use a shield: true
     0 | D:1      | 0 ||| qw: God list: Okawaru
     0 | D:1      | 0 ||| qw: Allow faded altars: false
     0 | D:1      | 0 ||| qw: Do Orc after clearing Dungeon:15 true
     0 | D:1      | 0 ||| qw: Do second Lair branch before Depths: true
     0 | D:1      | 0 ||| qw: Lair rune preference: random
     0 | D:1      | 0 ||| qw: Goals: Normal
     0 | D:1      | 0 ||| PLANNING D:1-11
    86 | D:1      | Reached skill level 4 in Ranged Weapons
   114 | D:1      | Reached XP level 2. HP: 24/24 MP: 4/4
   310 | D:1      | You fall into a shaft and drop 1 floor!
   440 | D:2      | Reached XP level 3. HP: 29/29 MP: 5/5
   571 | D:2      | 571 ||| UPGRADING to +0 helmet.
   576 | D:2      | 576 ||| READING scroll labelled ZUOR RUICUIFFU.
   577 | D:2      | 577 ||| DROPPING scroll of butterflies.
   636 | D:1      | Reached skill level 5 in Ranged Weapons
   714 | D:1      | Reached XP level 4. HP: 36/36 MP: 6/6
   914 | D:1      | 914 ||| UPGRADING to +0 ring mail.
   924 | D:1      | 924 ||| DROPPING +0 leather armour.
   925 | D:1      | 925 ||| READING scroll labelled TOMIDO INGAXT.
   930 | D:1      | 930 ||| READING scroll labelled XEWEIG ICINOMA.
   932 | D:1      | 932 ||| Stepping ~*~*~tactically~*~*~ (cloud).
  1406 | D:2      | Reached skill level 1 in Armour
  1409 | D:2      | Noticed Natasha
  1414 | D:2      | Killed Natasha
  1574 | D:2      | 1574 ||| READING scroll labelled REP AMUAHIREN.
  1575 | D:2      | 1575 ||| READING 3 scrolls labelled KYT IHOBOD NEI.
  1576 | D:2      | 1576 ||| READING scroll labelled KEHOHO ETUVILA.
  1576 | D:2      | Identified a scroll of acquirement
  1576 | D:2      | 1576 ||| ACQUIRING ring "Ogoaw" {Fly rN+ Str+6 Dex-4
                  | Slay+2}
  1576 | D:2      | Acquired the ring "Ogoaw" {Fly rN+ Str+6 Dex-4 Slay+2}
  1578 | D:2      | 1578 ||| UPGRADING to ring "Ogoaw" {Fly rN+ Str+6 Dex-4
                  | Slay+2}.
  1579 | D:2      | 1579 ||| DROPPING 2 scrolls of immolation.
  1606 | D:3      | 1606 ||| PLANNING SEWER
  1629 | D:3      | HP: 9/36 [orc/+2 dagger of speed (2)]
  1630 | D:3      | 1630 ||| READING scroll of teleportation.
  1631 | D:3      | HP: 3/36 [orc/+2 dagger of speed (2)]
  1632 | D:3      | Reached XP level 5. HP: 4/41 MP: 7/7
  1633 | D:3      | Killed from afar by an orc priest

Levels and vault maps discovered:
D:1:      ebering_trefoil_3fold, layout_rooms, serial_bayou,
          serial_bayou_lagoon_b, serial_bayou_lake_a, serial_bayou_pond_d,
          serial_bayou_pond_e, st_stairs_2, minmay_quantized
D:2:      layout_basic, uniq_natasha
D:3:      layout_basic, gup_sewer_entry_glass, serial_shops,
          nicolae_shop_real_fake_doors, chequers_serial_rivers_micro_d,
          uniq_jessica, uniq_grinder, uniq_ijyb

Skill      XL: |  1  2  3  4 |
---------------+-------------+-----
Ranged Weapons | 4 5 |  5.7
Fighting       | 2 |  2.0
Dodging        | 2 |  2.1
Armour         | 1 |  1.0
Stealth        | |  0.8

Action                     |  1- 3 |  4- 6 || total
---------------------------+-------+-------++-------
   Fire: Shortbow          |   123 |    76 ||   199
    Use: Scroll            |     1 |     6 ||     7
 Armour: Leather armour    |    23 |       ||    23
         Ring mail         |       |    31 ||    31
  Dodge: Dodged            |    28 |    24 ||    52

Table legend:
 A = Non-vault XP
 B = Vault XP
 C = Vault XP percentage of total XP
 D = Non-vault monster count
 E = Vault monster count
 F = Vault count percentage of total count
                 A         B        C        D         E       F
            +---------+---------+-------+---------+---------+-------
      Total |     208 |      44 |  17.5 |      48 |       7 |  12.7
            +---------+---------+-------+---------+---------+-------
        D:1 |      32 |       9 |  22.0 |      19 |       6 |  24.0
        D:2 |     134 |      35 |  20.7 |      27 |       1 |   3.6
        D:3 |      42 |       0 |   0.0 |       2 |       0 |   0.0
            +---------+---------+-------+---------+---------+-------
